 Dungeon Crawl Stone Soup version 0.30-a0-43-gbbf338a72c (webtiles) character file.

Game seed: 16647165464607280164

32457 Kinoniko the Impaler (level 13, -1/160 HPs)
             Began as a Merfolk Berserker on Sept 1, 2022.
             Was a High Priest of Trog.
             Slain by a fire crab (2 damage)
             ... on level 4 of the Lair of Beasts.
             The game lasted 00:16:32 (14634 turns).

Kinoniko the Impaler (Merfolk Berserker)           Turns: 14634, Time: 00:16:32

Health: -1/160     AC: 20    Str: 22    XL:     13   Next: 64%
Magic:  13/13      EV: 19    Int:  6    God:    Trog [*****.]
Gold:   412        SH:  0    Dex: 17    Spells: 12/12 levels left

rFire   . . .      SeeInvis .    z - +6 bardiche (venom)
rCold   . . .      Faith    +    (shield currently unavailable)
rNeg    . . .      Spirit   .    f - +0 chain mail
rPois   +          Reflect  .    t - +2 helmet
rElec   .          Harm     .    A - +2 cloak {rPois}
rCorr   .          Rampage  .    B - +2 pair of gloves
Will    .....                    (no boots)
Stlth   ..........               N - amulet "Lauqoqas" {Faith Dex+3}
HPRegen 0.36/turn                S - +4 ring of evasion
MPRegen 0.13/turn                M - +4 ring of slaying

@: berserking, marked, very quick
A: (nimble swimmer 2), mertail
a: Renounce Religion, Berserk, Trog's Hand, Brothers in Arms


You were on level 4 of the Lair of Beasts.
You worshipped Trog.
Trog was extremely pleased with you.
You visited 2 branches of the dungeon, and saw 15 of its levels.
You also visited: Sewer.

You collected 1158 gold pieces.
You spent 746 gold pieces at shops.

Inventory:

Hand Weapons
 y - a +2 halberd of venom
 z - a +6 bardiche of venom (weapon)
 G - a +2 trident of freezing
Armour
 f - a +0 chain mail (worn)
 t - a +2 helmet (worn)
 A - a +2 cloak of poison resistance (worn)
 B - a +2 pair of gloves (worn)
Jewellery
 k - a ring of magical power
 o - a ring of magical power
 w - a +6 ring of strength
 H - an amulet of magic regeneration
 J - an amulet of guardian spirit
 L - a ring of resist corrosion
 M - a +4 ring of slaying (right hand)
 N - the amulet "Lauqoqas" (around neck) {Faith Dex+3}
   (You bought it in a shop on level 11 of the Dungeon)

   [amulet of faith]

   It allows you to gain divine favour quickly.
   Dex:       It affects your dexterity (+3).
 P - a ring of ice
 S - a +4 ring of evasion (left hand)
Wands
 b - a wand of roots (29)
 r - a wand of digging (5)
 v - a wand of flame (35)
 E - a wand of quicksilver (1)
 Q - a wand of polymorph (12)
Scrolls
 a - 7 scrolls of vulnerability
 d - 7 scrolls of noise
 h - 2 scrolls of brand weapon
 n - 4 scrolls of poison
 p - 4 scrolls of immolation
 q - 7 scrolls of teleportation
 C - 2 scrolls of enchant armour
 D - 3 scrolls of magic mapping
 I - a scroll of torment
 K - a scroll of silence
Potions
 c - a potion of berserk rage {unknown}
 e - 2 potions of cancellation
 g - 2 potions of haste
 i - 8 potions of curing
 j - 4 potions of attraction
 l - 4 potions of degeneration
 m - 9 potions of lignification
 s - 4 potions of might
 u - 4 potions of brilliance
 x - 2 potions of invisibility {unknown}
 F - 3 potions of flight
 O - 4 potions of heal wounds
 R - 2 potions of mutation {unknown}


   Skills:
 + Level 11.9 Fighting
 * Level 19.8 Polearms
 + Level 6.4 Armour
 + Level 14.3 Dodging


You had 12 spell levels left.
You didn't know any spells.
Your spell library was empty.

Dungeon Overview and Level Annotations

Branches:
Dungeon (11/15)            Temple (0/1) D:5            Lair (4/5) D:11
  Swamp (0/4) Lair:3       Spider (0/4) Lair:2          Orc (0/2) D:10
  Sewer (visited)
  Slime: Lair:4-5

Altars:
Elyvilon
Okawaru
Ru

Shops:
D:8 (   D:11 =

Annotations:
D:4 3 runed translucent doors, flestrin's ghost, weakling DsDe


Innate Abilities, Weirdness & Mutations

((You are very nimble when in or above water. (Stealth+, EV+, Speed+++)))
Your lower body shifts to a powerful aquatic tail in water.


Message History

You are engulfed in blazing flames.
The blink frog closely misses you.
You slice the blink frog!!
The blink frog looks as sick as possible!
The blink frog is severely wounded.
You are engulfed in blazing flames.
The blink frog blinks!
The blink frog hits you.
You barely miss the fire crab.
You are engulfed in blazing flames.
The blink frog misses you.
You slice the fire crab!!
The fire crab is poisoned.
The fire crab is severely wounded.
You are engulfed in blazing flames.
The fire crab bites you.
You are engulfed in flames!
The fire crab barely misses you. The blink frog barely misses you.
You are too injured to fight recklessly!
You are too injured to fight recklessly!
You are too injured to fight recklessly!
You are too injured to fight recklessly!
Unknown command.
You hit the fire crab but do no damage.
The fire crab looks even sicker.
The fire crab is severely wounded.
You are engulfed in blazing flames.
* * * LOW HITPOINT WARNING * * *
The blink frog blinks!
The blink frog hits you!
* * * LOW HITPOINT WARNING * * *
The blink frog blinks!
The fire crab breathes flames at you. The blast of flame engulfs you!
* * * LOW HITPOINT WARNING * * *
Unknown command.
Unknown command.
Unknown command.
A red film seems to cover your vision as you go berserk!
You feel yourself moving faster!
You feel mighty!
The blink frog is engulfed in blazing flames.
The blink frog misses you. The fire crab bites you.
* * * LOW HITPOINT WARNING * * *
You are engulfed in flames!
* * * LOW HITPOINT WARNING * * *
The fire crab claws you.
You die...

###### #####..........##
.##P.##### #.....F.........#
......##.# #.$............#
.........# ##......(......##
.........###...............#
##........#.#...†..........#
#........####...§.○........#
...........#.P.○F○.........#
.........÷..P.○○@○.........#
.......÷÷....P.○t§.........#
............##..○..........#
...........###............##
......÷.....###...........#
÷.....÷÷....#.#..........##
......÷......#...........#
............#.#.........##
#.......................#


You could see a fire crab (very poisoned) and 2 blink frogs.

Vanquished Creatures
  A hydra (Lair:4)
  Fannar (Lair:3)
  2 boulder beetles
  2 two-headed ogres (D:11)
  Nergalle (Lair:1)
  2 slime creatures (D:8)
  3 bog bodies (Lair:3)
  A deep elf pyromancer (D:10)
  A cyclops (D:11)
  6 elephants (Lair:4)
  A black mamba (Lair:1)
  A gargoyle (D:11)
  7 cane toads
  Psyche (D:9)
  12 komodo dragons
  4 trolls
  A polar bear (Lair:3)
  Grinder (D:6)
  18 blink frogs
  A shadow (D:11)
  7 wyverns
  Sigmund (D:2)
  3 wraiths
  31 yaks
  2 steam dragons
  2 redbacks (Lair:2)
  A swamp worm (Lair:3)
  An acid dragon (D:11)
  9 water moccasins
  Duvessa (D:5)
  Pargi (Sewer)
  6 black bears
  3 ice beasts
  3 orc warriors
  A sky beast (D:7)
  8 wolves
  2 centaurs
  3 kobold brigands
  7 bullfrogs
  2 gnoll sergeants
  2 scorpions (D:5)
  5 wights (D:9)
  Dowan (D:5)
  5 killer bees (D:11)
  6 howler monkeys
  4 electric eels
  2 hounds
  3 jellies
  Crazy Yiuf (D:3)
  6 orc priests
  A gnoll bouda (D:5)
  Ijyb (D:5)
  2 iguanas
  6 orc wizards
  Robin (D:2)
  20 gnolls
  3 adders
  2 shadow imps (D:8)
  A white imp (D:7)
  An ufetubus (D:5)
  2 worms (D:5)
  3 dart slugs
  29 orcs
  4 ball pythons
  7 bats
  9 endoplasms
  4 giant cockroaches
  8 hobgoblins
  4 jackals (D:1)
  5 quokkas
  2 frilled lizards (D:1)
  13 goblins
  14 kobolds
  5 rats
343 creatures vanquished.

Vanquished Creatures (others)
  7 fungi
  13 plants
20 creatures vanquished.

Grand Total: 363 creatures vanquished

Notes
Turn   | Place    | Note
-------+----------+-------------------------------------------
     0 | D:1      | Kinoniko the Merfolk Berserker began the quest for the Orb.
     0 | D:1      | Reached XP level 1. HP: 18/18 MP: 1/1
   236 | D:1      | Reached XP level 2. HP: 24/24 MP: 2/2
   402 | D:1      | Found a faded altar of an unknown god.
   898 | D:2      | Reached skill level 5 in Polearms
   906 | D:2      | Reached XP level 3. HP: 27/29 MP: 3/3
   958 | D:2      | Reached ** piety under Trog
  1030 | D:2      | Noticed Robin
  1051 | D:2      | Killed Robin
  1052 | D:2      | Reached XP level 4. HP: 35/35 MP: 4/4
  1168 | D:2      | Noticed Sigmund
  1177 | D:2      | Killed Sigmund
  1178 | D:2      | Reached skill level 7 in Polearms
  1178 | D:2      | Reached skill level 5 in Dodging
  1178 | D:2      | Reached XP level 5. HP: 41/41 MP: 5/5
  1355 | D:2      | Reached XP level 6. HP: 47/47 MP: 6/6
  2065 | D:3      | Found an iron altar of Okawaru.
  2124 | D:3      | Found a runed translucent door.
  2125 | D:3      | Noticed Crazy Yiuf
  2412 | D:3      | Killed Crazy Yiuf
  2646 | D:4      | Found a runed translucent gate.
  2646 | D:4      | Found a runed translucent gate.
  2646 | D:4      | Found a runed translucent gate.
  2647 | D:4      | Noticed flestrin's ghost (weakling DsDe)
  2775 | D:4      | Reached skill level 8 in Polearms
  3200 | D:4      | Reached XP level 7. HP: 53/53 MP: 7/7
  3496 | D:4      | Identified a scroll of acquirement
  3496 | D:4      | Acquired a +3 bardiche of venom
  3547 | D:5      | Entered Level 5 of the Dungeon
  3556 | D:5      | Noticed Duvessa
  3556 | D:5      | Noticed Dowan
  3566 | D:5      | Killed Duvessa
  3567 | D:5      | Killed Dowan
  3568 | D:5      | Reached skill level 9 in Polearms
  3735 | D:5      | Noticed a wraith
  3745 | D:5      | Killed a wraith
  3746 | D:5      | Reached skill level 5 in Fighting
  3746 | D:5      | Reached XP level 8. HP: 61/62 MP: 8/8
  3893 | D:5      | Reached skill level 10 in Polearms
  3914 | D:5      | Noticed Ijyb
  3923 | D:5      | Killed Ijyb
  3928 | D:5      | Found a glowing drain.
  3939 | Sewer    | Entered a sewer
  3968 | Sewer    | Noticed Pargi
  3977 | Sewer    | Killed Pargi
  4462 | D:5      | Found a staircase to the Ecumenical Temple.
  5009 | D:6      | Reached *** piety under Trog
  5010 | D:6      | Reached skill level 11 in Polearms
  5137 | D:6      | Noticed Grinder
  5146 | D:6      | Reached XP level 9. HP: 69/69 MP: 9/9
  5148 | D:6      | Killed Grinder
  5460 | D:6      | Reached skill level 12 in Polearms
  6188 | D:7      | Found a sacrificial altar of Ru.
  6357 | D:7      | Reached skill level 13 in Polearms
  6670 | D:8      | Found Zatogi's Antique Weapon Shoppe.
  7125 | D:8      | Killed a very large slime creature
  7126 | D:8      | Reached XP level 10. HP: 54/80 MP: 10/10
  7138 | D:8      | Reached skill level 14 in Polearms
  7138 | D:8      | Reached skill level 10 in Dodging
  7373 | D:8      | Reached **** piety under Trog
  7676 | D:9      | Noticed Psyche
  7689 | D:9      | Killed Psyche
  8273 | D:9      | Found a white marble altar of Elyvilon.
  8380 | D:10     | Entered Level 10 of the Dungeon
  8430 | D:10     | Reached skill level 15 in Polearms
  8459 | D:10     | Noticed a deep elf pyromancer
  8466 | D:10     | Killed a deep elf pyromancer
  8515 | D:10     | Found a staircase to the Orcish Mines.
  8526 | D:10     | Reached XP level 11. HP: 75/87 MP: 11/11
  9253 | D:10     | Reached skill level 16 in Polearms
  9728 | D:11     | Noticed a two-headed ogre
  9740 | D:11     | Killed a two-headed ogre
  9743 | D:11     | Found a staircase to the Lair.
  9864 | D:11     | Found Ishe Jeicy's Jewellery Boutique.
  9872 | D:11     | Bought the amulet "Lauqoqas" {Faith Dex+3} for 746 gold
                  | pieces
  9910 | D:11     | Noticed a boulder beetle
  9916 | D:11     | Killed a boulder beetle
  9959 | D:11     | Noticed a cyclops
  9971 | D:11     | Killed a cyclops
  9972 | D:11     | Reached skill level 10 in Fighting
  9996 | D:11     | Noticed a two-headed ogre
 10004 | D:11     | Killed a two-headed ogre
 10005 | D:11     | Reached skill level 17 in Polearms
 10005 | D:11     | Reached XP level 12. HP: 93/97 MP: 12/12
 10799 | Lair:1   | Entered Level 1 of the Lair of Beasts
 11259 | Lair:1   | Noticed Nergalle
 11273 | Lair:1   | Killed Nergalle
 11650 | Lair:1   | Reached skill level 5 in Armour
 11669 | Lair:1   | Reached skill level 18 in Polearms
 11804 | Lair:1   | Reached ***** piety under Trog
 12820 | Lair:2   | Found a hole to the Spider Nest.
 13246 | Lair:3   | Noticed Fannar
 13255 | Lair:3   | Killed Fannar
 13256 | Lair:3   | Reached XP level 13. HP: 106/106 MP: 13/13
 13351 | Lair:3   | Reached skill level 19 in Polearms
 13707 | Lair:3   | Received a gift from Trog
 13803 | Lair:3   | Found a staircase to the Swamp.
 14634 | Lair:4   | HP: 1/160 [fire crab (10)]
 14634 | Lair:4   | Slain by a fire crab

Illustrated notes

Levels and vault maps discovered:
D:1:      dpeg_arrival_stonehenge_8_columns, layout_basic,
          ebering_ecumenical_altar_box
D:2:      layout_basic, st_stairs_12, uniq_sigmund, uniq_robin
D:3:      layout_loops_cross, okawaru_metal_pillars_3, nicolae_eternal_life,
          uniq_crazy_yiuf_cottage
D:4:      layout_cave_pods, gammafunk_ghost_nasty_kobolds, dk_noncrumbling_4
D:5:      layout_basic, minmay_temple_entry_glassed_door,
          cheibrodos_sewer_entry_bend, roderic_lattice_a, uniq_ijyb,
          uniq_duvessa
D:6:      layout_basic, lemuel_flamethrower_1, uniq_grinder
D:7:      layout_basic, mainiacjoe_overflow_six_doors_small
D:8:      layout_rooms, serial_shops,
          nicolae_shop_temple_entry_statues_fountains
D:9:      layout_basic, mainiacjoe_overflow_brackets, dk_vineyard_3, uniq_psyche
D:10:     layout_cave_pods, orc_0_dummy
D:11:     layout_roguey, minmay_lair_entry_grove, serial_shops,
          nicolae_shop_hallway_stairs, minivault_14
Lair:1:   layout_layer_cave, beast_lair_carwin_9, lemuel_fruit_tree,
          serial_bayou_shore_a, grunt_megastairs_5, uniq_nergalle
Lair:2:   layout_chaotic_city, spider_nest_entry_webs
Lair:3:   layout_chaotic_city, nicolae_swamp_entry_splash_gauntlet,
          infiniplex_staircase_pool_2, uniq_fannar
Lair:4:   layout_cave_pods

Skill      XL: |  1  2  3  4  5  6  7  8  9 10 11 12 13 |
---------------+----------------------------------------+-----
Dodging        | 3 5 6 8 9 11 12 13 14 | 14.3
Polearms       | 5 7 8 9 11 13 15 17 18 19 | 19.8
Fighting       | 5 6 7 8 10 11 | 11.9
Armour         | 2 4 5 6 |  6.4

Action                   |  1- 3 |  4- 6 |  7- 9 | 10-12 | 13-15 || total
-------------------------+-------+-------+-------+-------+-------++-------
Melee: Spear             |   106 |    39 |       |       |       ||   145
       Punch             |     1 |       |       |       |       ||     1
       Halberd           |       |    37 |   275 |   400 |       ||   712
       Trident           |       |    20 |       |       |       ||    20
       Bardiche          |       |       |       |    26 |   127 ||   153
Invok: Berserk           |     1 |     5 |     9 |    10 |     3 ||    28
       Trog's Hand       |       |       |       |       |     1 ||     1
  Use: Potion            |       |     1 |     1 |       |       ||     2
       Scroll            |       |     9 |     9 |    13 |     3 ||    34
Armor: Chain mail        |    31 |    22 |   120 |    79 |    50 ||   302
Dodge: Dodged            |    35 |    26 |   112 |   177 |   107 ||   457

Table legend: (Time is in decaauts)
 A = Elapsed time spent in this place.
 B = Non-inter-level travel time spent in this place.
 C = Inter-level travel time spent in this place.
 D = Time resting spent in this place.
 E = Time spent auto-exploring this place.
 F = Levels seen in this place.
 G = Mean time per level.
                   A        B        C        D        E       F      G
               +--------+--------+--------+--------+--------+-----+--------+
         Total |  14702 |  14299 |    403 |   1687 |  10840 |  16 |  918.9 |
       Dungeon |  10752 |  10438 |    314 |   1430 |   7710 |  11 |  977.5 |
          Lair |   3817 |   3729 |     88 |    202 |   3079 |   4 |  954.2 |
         Sewer |    132 |    132 |      0 |     54 |     50 |   1 |  132.0 |
               +--------+--------+--------+--------+--------+-----+--------+

Top non-repeatable levels by time:
  Lair:1: 1580 daAuts
    D:11: 1315 daAuts
     D:5: 1267 daAuts
    D:10: 1101 daAuts
     D:4: 1097 daAuts
     D:7: 1020 daAuts
  Lair:3: 908 daAuts
     D:3: 902 daAuts
     D:9: 898 daAuts
     D:1: 863 daAuts
     D:6: 861 daAuts
  Lair:2: 836 daAuts
     D:2: 726 daAuts
     D:8: 697 daAuts
  Lair:4: 493 daAuts
